Ben, chaotic male elven Wizard ----- ----- ----- ----------- |...| #-....# |...| ----- ----- |.........-# |....########|<).|# |...| |....# |...| |....|....|# |...| |...|# |^..| |...|# |...| |.........| ---.- --.--# ---.- |....# ##-...-# #-....|..`.| ## ## # ## -----### # -----# #|....|.....# # # # # # # # # #|..*.|...>|# ### ### ### # ###0 # #-----------# # # # # ## # #### # ######? # ######### # ### # # ### -------|------- # -.--.--- #### ## # # # |.............| # |......| #-------#### # # ### |.............| # |......| #|.....|# # i# # # |.............| # |......| #|.....|# ####------# ##..............| ### |......| #|......# ai|..(.-# --------------- # |......| #......| #@-....| ##.......| ------- |....| -------- ------ Ben the Thaumaturge Experience level: 6 Strength: 8 Dexterity: 12 Constitution: 13 Intelligence: 20 Wisdom: 13 Charisma: 11 Health: 0(37) Energy: 71(71) AC: 7 Gold: 784 Moves: 1445 Your Inventory: Coins $ - 784 gold pieces Weapons a - a blessed +1 quarterstaff (weapon in hands) Armor b - an uncursed +0 cloak of magic resistance (being worn) q - a blessed +1 orcish helm (being worn) s - a blessed +1 orcish helm Scrolls i - an uncursed scroll of magic mapping j - an uncursed scroll of enchant weapon Spellbooks l - a blessed spellbook of force bolt m - an uncursed spellbook of identify Potions g - a blessed potion of gain ability h - an uncursed potion of healing o - an uncursed potion of booze p - an uncursed potion of fruit juice A - a [blessed] brown potion [of acid] Rings d - an uncursed ring of polymorph control (on left hand) e - an uncursed ring of regeneration (on right hand) Wands c - an uncursed wand of striking (0:5) Tools n - an uncursed bugle x - an [uncursed] brass lantern z - an uncursed expensive camera (0:60) Gems C - 2 [uncursed] red gems [worthless glass] D - an [uncursed] yellow gem [worthless glass] E - an [uncursed] yellowish brown gem [worthless glass] Spells known in the end: Name Level Category Fail Memory a - force bolt 1 attack 0% [||||||||] b - identify 3 divination 75% [||||||||] Your skills at the end: Fighting Skills Weapon Skills quarterstaff [Basic / Expert] Spellcasting Skills attack spells [Basic / Expert] enchantment spells [Basic / Skilled] Final Attributes: You were devoutly aligned. Hunger level was -121. Your alignment was 16 / 17. Monster difficulty range was 0 - 5. Level difficulty was 5. You were immune to sleep. You were magic-protected. You saw invisible. You had infravision. You regenerated. You had polymorph control. Your luck was zero. You are dead. Vanquished creatures: an orc mummy 2 water moccasins a rock mole a fog cloud a giant bat 3 coyotes 9 manes 2 cave spiders 2 geckos 7 jackals 3 goblins 2 sewer rats 5 grid bugs 2 lichens 2 newts 43 creatures vanquished. Voluntary challenges: You were an atheist. You used a wielded weapon 54 times. You read items or engraved 1 time. You put on armor 2 times. You never genocided any monsters. You never polymorphed an object. You never changed form. You used no wishes. You never wrote Elbereth's name. You never encountered a bones level. You never used any Sokoban shortcuts. Dungeon overview: The Dungeons of Doom: levels 1 to 6 Level 1 a long staircase Level 5 <- You were here History has recorded: On T:1 you entered the Dungeons of Doom to retrieve the Amulet of Yendor! On T:354 you advanced to experience level 2. On T:400 you reached level 2 of The Dungeons of Doom. On T:471 you advanced to experience level 3. On T:509 you advanced to experience level 4. On T:670 you reached level 6 of The Dungeons of Doom. On T:700 you advanced to experience level 5. On T:783 you reached level 5 of The Dungeons of Doom. On T:1357 you advanced to experience level 6. Latest messages: [HP-4=17] [HP+1=18] [HP+1=19] [HP+1=20] The manes hits! (2x) The manes bites! [HP-8=12] [HP+1=13] [HP+1=14] The killer bee stings! [HP-1=13] The killer bee stings! The manes hits! (2x) The manes bites! The killer bee stings! [HP-8=5] The killer bee stings! (3x) [HP-2=3] The killer bee stings! [HP-1=2] The killer bee stings! You die... Final status: Goodbye Ben the Wizard... You died in The Dungeons of Doom on dungeon level 5 with 2080 points, and 784 pieces of gold, after 1445 moves. You were level 6 with a maximum of 37 hit points when you died.